 Dungeon Crawl Stone Soup version 0.31-a0-344-gd109795599 (webtiles) character file.

Game seed: 18307768917345447146

153 RepHenryClay the Cudgeller (level 5, -3/41 HPs)
             Began as a Demonspawn Monk on July 21, 2023.
             Slain by a gnoll
             ... wielding a +0 halberd
              (7 damage)
             ... on level 3 of the Dungeon.
             The game lasted 00:03:19 (2326 turns).

RepHenryClay the Cudgeller (Demonspawn Monk)        Turns: 2326, Time: 00:03:19

Health: -3/41      AC:  8    Str: 11    XL:     5   Next: 12%
Magic:  5/5        EV:  9    Int: 12    God:
Gold:   27         SH:  0    Dex: 17    Spells: 4/4 levels left

rFire   . . .        a - +0 mace
rCold   . . .        d - orb {light}
rNeg    . . .        g - +0 scale mail
rPois   .            (no helmet)
rElec   .            (no cloak)
rCorr   .            (no gloves)
SInv    .            (no boots)
Will    .....        (no amulet) Stlth
                     (no ring)
HPRegen 0.26/turn    (no ring)
MPRegen 0.09/turn

%: no passive effects
@: glowing
A: icy blue scales 1, powered by pain 1
a: no special abilities


You were on level 3 of the Dungeon.
You visited 1 branch of the dungeon, and saw 4 of its levels.

You collected 118 gold pieces.
You spent 91 gold pieces at shops.

Inventory:

Hand Weapons
 a - a +0 mace (weapon)
Armour
 b - a +0 robe
 d - an orb of light (worn)
 e - a +0 ring mail
 g - a +0 scale mail (worn)
 q - a +0 pair of gloves
Jewellery
 m - a ring of fire
Scrolls
 f - 2 scrolls of enchant weapon {unknown}
 i - a scroll of brand weapon {unknown}
 l - 2 scrolls of identify {unknown}
 p - 2 scrolls of teleportation {unknown}
 s - a scroll of torment {unknown}
Potions
 c - a potion of ambrosia
 h - 2 potions of degeneration {unknown}
 j - a potion of brilliance {unknown}
 k - a potion of attraction {unknown}
 n - 3 potions of might
 o - 2 potions of curing
 r - a potion of heal wounds {unknown}


   Skills:
 - Level 3.1 Fighting
 + Level 4.1 Maces & Flails
 + Level 2.7 Armour
 - Level 2.8 Dodging


You had 4 spell levels left.
You didn't know any spells.
Your spell library contained the following spells:

 Spells                   Type           Power      Damage    Failure   Level
 Inner Flame              Hex/Fire       0%         N/A       99%         3
 Yara's Violent Unravell  Hex/Tmut       0%         3d3       100%        5
 Enfeeble                 Hex            0%         N/A       100%        7


Dungeon Overview and Level Annotations

Branches:
Dungeon (4/15)
 Temple: D:4-7

Altars:
Ashenzari

Shops:
D:2 *


Innate Abilities, Weirdness & Mutations

You are partially covered in icy blue scales. (AC +2)
You sometimes gain a little power by taking damage.


Message History

The orc shouts!
You hear a bark!
The hound barely misses you.
A hound comes into view.
The hound barely misses you.
The gnoll hits you from afar with a +0 halberd.
The hound moves out of view.
Damage: -4%(-2hp) hp: 79%(32hp)
You hit the hound.
The hound is moderately wounded.
The gnoll closely misses you. The hound bites you but does no damage.
The hound misses you.
You sock the hound!
The hound is almost dead.
The hound bites you. The gnoll hits you with a +0 halberd.
The hound barely misses you.
The gnoll hits you from afar with a +0 halberd.
The hound bites you.
Huge Dmg: -24%(-10hp) hp: 57%(23hp)
The hound barely misses you. The gnoll hits you with a +0 halberd!
* * * LOW HITPOINT WARNING * * *
The hound barely misses you. The gnoll closely misses you.
The orc splashes around in the water.
The hound closely misses you.
You climb upwards.
There is a stone staircase leading down here.
Huge Dmg: -15%(-6hp) hp: 42%(17hp) Unknown command.
You barely miss the hound.
The hound is severely wounded.
The hound bites you.
* * * LOW HITPOINT WARNING * * *
The hound bites you.
* * * LOW HITPOINT WARNING * * *
The gnoll hits you with a +0 halberd.
* * * LOW HITPOINT WARNING * * *
The hound bites you.
* * * LOW HITPOINT WARNING * * *
The hound bites you.
* * * LOW HITPOINT WARNING * * *
The gnoll hits you with a +0 halberd!
You die...

#.# #.#########.#..########
#.# #.# #.#.......... #.#
###.### #.##.######## #.#
#.....# #.##.# #<###.....##
#.##)## #.##.......#
#.##..# #.##......<#
#.###.#
#.##......g######†###.#
#####.##......h@..........#
#.............h.......###.#
###.######......#########
#.# .##.## #......# ##.##
.....# #.##.### #...#
.##..# ###.##.# ##..#
.##..# #......#
##########..#####
.....###.###..#
#...#....(......#
.........# #..#
#.....#.#.#.#.#.#


You could see 2 hounds and a gnoll.

Vanquished Creatures
  An iguana (D:3)
  A gnoll (D:4)
  2 adders
  3 worms
  3 dart slugs
  4 endoplasms
  2 giant cockroaches
  10 goblins
  10 hobgoblins
  18 jackals
  4 kobolds
  3 quokkas (D:1)
  2 ball pythons
  5 bats
  5 frilled lizards
  A rat (D:3)
74 creatures vanquished.

Notes
Turn   | Place    | Note
-------+----------+-------------------------------------------
     0 | D:1      | RepHenryClay the Demonspawn Monk began the quest for the
                  | Orb.
     0 | D:1      | Reached XP level 1. HP: 18/18 MP: 1/1
   161 | D:1      | Gained mutation: You sometimes gain a little power by
                  | taking damage. [demonic ancestry]
   161 | D:1      | Reached XP level 2. HP: 24/24 MP: 2/2
   163 | D:1      | Reached skill level 3 in Maces & Flails
   310 | D:1      | Reached skill level 1 in Armour
   450 | D:1      | Reached XP level 3. HP: 27/29 MP: 3/3
  1091 | D:2      | Reached XP level 4. HP: 32/35 MP: 4/4
  1204 | D:2      | Found Geshryel's General Store.
  1208 | D:2      | Found a faded altar of an unknown god.
  1212 | D:2      | Bought a potion of curing for 39 gold pieces
  1212 | D:2      | Bought a potion of might for 52 gold pieces
  1623 | D:3      | Found a broken altar of Ashenzari.
  2110 | D:3      | Reached skill level 4 in Maces & Flails
  2201 | D:3      | Gained mutation: You are partially covered in icy blue
                  | scales. (AC +2) [demonic ancestry]
  2201 | D:3      | Reached XP level 5. HP: 13/41 MP: 5/5
  2326 | D:3      | Slain by a gnoll

Illustrated notes

Levels and vault maps discovered:
D:1:      giann_wishing_wells, layout_loops_ring, serial_bayou_pond_b,
          dreamdust_mushroom_princess
D:2:      layout_rooms, serial_shops, shop, ebering_ecumenical_altar_mist
D:3:      layout_loops_ring, cheibrodos_ashenzari_chains, minmay_misc_feat_rows
D:4:      layout_basic, grunt_dithmenos_smoke_and_mirrors, dreamdust_gnoll_farm

Skill      XL: |  1  2  3  4 |
---------------+-------------+-----
Maces & Flails | 3 4 |  4.1
Armour         | 1 2 |  2.7
Fighting       | |  3.1
Dodging        | |  2.8

Action                     |  1- 3 |  4- 6 || total
---------------------------+-------+-------++-------
  Melee: Mace              |   149 |   105 ||   254
 Armour: Robe              |     8 |       ||     8
         Ring mail         |    31 |     6 ||    37
         Scale mail        |    23 |    29 ||    52
  Dodge: Dodged            |   117 |    74 ||   191

Table legend: (Time is in decaauts)
 A = Elapsed time spent in this place.
 B = Non-inter-level travel time spent in this place.
 C = Inter-level travel time spent in this place.
 D = Time resting spent in this place.
 E = Time spent auto-exploring this place.
 F = Levels seen in this place.
 G = Mean time per level.
                   A        B        C        D        E       F      G
               +--------+--------+--------+--------+--------+-----+--------+
         Total |   2385 |   2333 |     52 |      0 |   1786 |   4 |  596.2 |
       Dungeon |   2385 |   2333 |     52 |      0 |   1786 |   4 |  596.2 |
               +--------+--------+--------+--------+--------+-----+--------+

Top non-repeatable levels by time:
     D:1: 1034 daAuts
     D:3: 838 daAuts
     D:2: 498 daAuts
     D:4: 13 daAuts
